 Dungeon Crawl Stone Soup version 0.30.0-29-ga12c61a403 (webtiles) character file.

Game seed: 18218739280179456016

94 tizbic2 the Grasshopper (level 4, -2/40 HPs)
             Began as a Naga Warper on June 13, 2023.
             Killed from afar by Jessica (4 damage)
             ... with a puff of flame
             ... on level 2 of the Dungeon.
             The game lasted 00:09:44 (1738 turns).

tizbic2 the Grasshopper (Naga Warper)               Turns: 1738, Time: 00:09:45

Health: -2/40      AC:  2    Str: 13    XL:     4   Next: 63%
Magic:  1/7        EV: 10    Int: 15    God:
Gold:   122        SH:  0    Dex: 11    Spells: 1/8 levels left

rFire   + . .        a - +0 hand axe (protect)
rCold   + . .        (no shield)
rNeg    . . .        k - +0 robe
rPois   +            (no helmet)
rElec   +            (no cloak)
rCorr   +            (no gloves)
SInv    +            (no barding)
Will    .....        (no amulet)
Stlth   +            g - ring of wizardry
HPRegen 0.26/turn    (no ring)
MPRegen 0.10/turn

%: wizardry (x1)
@: resistant, attractive, very slightly contaminated, very slow
A: AC +1, large, see invisible, deformed body, poison resistance, slowness 2,
spit poison 1, naga tail 1
a: Spit Poison


You were on level 2 of the Dungeon.
You visited 1 branch of the dungeon, and saw 2 of its levels.

You collected 122 gold pieces.

Inventory:

Hand Weapons
 a - a +0 hand axe of protection (weapon)
 l - a +0 mace
Missiles
 b - 2 throwing nets
 d - 7 boomerangs of dispersal
 h - 8 stones
 r - 3 atropa-tipped darts
Armour
 e - a +0 scale mail
 f - a +0 ring mail
 k - a +0 robe (worn)
 q - a +0 leather armour
Magical Staves
 i - a staff of fire
Jewellery
 g - a ring of wizardry (left hand)
Scrolls
 c - 2 scrolls of blinking
 o - a scroll of teleportation
 p - a scroll of vulnerability {unknown}
Potions
 m - a potion of haste {unknown}


   Skills:
 + Level 2.4 Fighting
 * Level 3.0 Axes
 - Level 0.8 Throwing
 + Level 1.2 Armour
 + Level 2.0 Dodging
 * Level 2.5 Spellcasting
 + Level 3.4 Translocations


You had one spell level left.
You knew the following spells:

 Your Spells              Type           Power      Damage    Failure   Level
a - Manifold Assault      Tloc           12%        N/A       21%         4
b - Vhi's Electric Charg  Tloc/Air       14%        N/A       12%         3

Your spell library contained the following spells:

 Spells                   Type           Power      Damage    Failure   Level
 Blink                    Tloc           24%        N/A       3%          2
 Lesser Beckoning         Tloc           24%        N/A       3%          2
 Teleport Other           Tloc           12%        N/A       6%          3
 Dazzling Flash           Conj/Hex       2%         N/A       26%         3
 Agony                    Necr           1%         N/A       90%         5
 Silence                  Hex/Air        0%         N/A       90%         5


Dungeon Overview and Level Annotations

Branches:
Dungeon (2/15)

Altars:
Nemelex Xobeh

Annotations:
D:2 Jessica


Innate Abilities, Weirdness & Mutations

Your serpentine skin is tough. (AC +1)
You have supernaturally acute eyesight. (SInv)
Armour fits poorly on your strangely shaped body.
Your system is resistant to poisons. (rPois)
You cover ground very slowly.
You can spit poison.
You have a snake-like lower body.


Message History

You are very lightly contaminated with residual magic.
The floor and the ceiling briefly switch places.
You are magically locked in place.
Jessica casts a spell.
Jessica blinks!
You cannot move.
You cannot move.
You cannot move.
Jessica is nearby!
You cannot move.
Jessica shouts, "You are a ghastly nuisance!"
Jessica zaps a wand.
The puff of flame hits you.
Jessica zaps a wand.
The puff of flame hits you!
Jessica points at you and mumbles some strange words.
You struggle to resist.
Press: ? - help, v - describe, . - travel
Here: Jessica, wielding a +0 dagger, wearing a +0 robe and carrying a wand of flame (8) (moderately wounded)
The floor.
You cannot move.
You cannot move.
You cannot move.
You are no longer locked in place.
Jessica zaps a wand.
The puff of flame hits you! Jessica closely misses you.
Jessica hits you with a +0 dagger!
* * * LOW HITPOINT WARNING * * *
Aiming: Spit Poison (1% risk of failure)
Press: ? - help, Q - select action, (/) - cycle Shift-Dir - straight line, f/p - Jessica
Aim: Jessica, wielding a +0 dagger, wearing a +0 robe and carrying a wand of flame (7) (moderately wounded, 59% to hit)
The splash of poison hits Jessica but does no damage.
Jessica is moderately wounded.
Jessica zaps a wand.
The puff of flame hits you!
* * * LOW HITPOINT WARNING * * *
It was a potion of resistance.
You feel protected. Jessica closely misses you.
It was a potion of attraction.
You feel attractive to monsters.
You have got your breath back.
Jessica zaps a wand.
The puff of flame hits you. You resist.
You die...

#.# ..# #. . #.# .# .... # . #.#
# ...# . #.# ...# . #.# ...+ #.#
##+#+##...# #.# #.........##..
#.### #......@......
#...####.....@# ###....#......#
#....#......# #### #....#......+
...# #....#......# #..# ## ..#
#....#......###..####.... ..
#....####................. .
#####....####+#####......... ..
#....................#####.#.##.


You could see Jessica.

Vanquished Creatures
  Terence (D:2)
  Natasha (D:2)
  A dart slug (D:1)
  A bat (D:1)
  4 endoplasms
  A giant cockroach (D:1)
  A goblin (D:1)
  4 hobgoblins (D:1)
  6 jackals (D:2)
  2 quokkas
  4 ball pythons
  8 frilled lizards
  5 kobolds
  3 rats
42 creatures vanquished.

Notes
Turn   | Place    | Note
-------+----------+-------------------------------------------
     0 | D:1      | tizbic2 the Naga Warper began the quest for the Orb.
     0 | D:1      | Reached XP level 1. HP: 19/19 MP: 3/3
   198 | D:1      | Reached XP level 2. HP: 26/26 MP: 5/5
   547 | D:1      | Found a faded altar of an unknown god.
   554 | D:1      | Reached skill level 1 in Armour
   686 | D:1      | Reached XP level 3. HP: 32/32 MP: 6/6
  1081 | D:2      | Noticed Terence
  1093 | D:2      | Killed Terence
  1094 | D:2      | Reached XP level 4. HP: 30/40 MP: 7/7
  1189 | D:2      | Learned a level 4 spell: Manifold Assault
  1324 | D:2      | Found a sparkling altar of Nemelex Xobeh.
  1427 | D:2      | Learned a level 3 spell: Vhi's Electric Charge
  1551 | D:2      | Noticed Natasha
  1601 | D:2      | Killed Natasha
  1725 | D:2      | Noticed Jessica
  1736 | D:2      | HP: 1/40 [Jessica/puff of flame (7)]
  1738 | D:2      | Killed from afar by Jessica

Illustrated notes

Levels and vault maps discovered:
D:1:      tarquinn_simple_flora_water_e, layout_basic,
          hellmonk_ecumenical_altar_lost_god
D:2:      layout_basic, basic_altar, uniq_jessica, uniq_natasha, uniq_terence

Skill      XL: |  1  2  3  4 |
---------------+-------------+-----
Armour         | 1 |  1.2
Axes           | 3 |  3.0
Dodging        | 2 |  2.0
Fighting       | |  2.4
Throwing       | |  0.8
Spellcasting   | |  2.5
Translocations | |  3.4

Action                     |  1- 3 |  4- 6 || total
---------------------------+-------+-------++-------
  Melee: Hand axe          |    61 |    25 ||    86
         Mace              |    18 |       ||    18
  Throw: Stone             |     1 |       ||     1
   Cast: Vhi's Electric Ch |       |     4 ||     4
         Manifold Assault  |       |     3 ||     3
Ability: Spit Poison       |    23 |     2 ||    25
    Use: Scroll            |     3 |       ||     3
         Potion            |     2 |     2 ||     4
 Armour: Ring mail         |    60 |     3 ||    63
         Leather armour    |     1 |       ||     1
         Robe              |       |     5 ||     5
  Dodge: Dodged            |    72 |    11 ||    83
